 Dungeon Crawl Stone Soup version 0.24-a0-447-ge8da9206dc (webtiles) character file.

Game seed: 13250761734324646363

1393 pk666 the Thaumaturge (level 8, -7/41 HPs)
             Began as a Deep Elf Wizard on June 25, 2019.
             Was an Initiate of Vehumet.
             Mangled by a spriggan baker
             ... wielding a +0 dagger
              (13 damage)
             ... on level 7 of the Dungeon.
             The game lasted 00:15:24 (8170 turns).

pk666 the Thaumaturge (Deep Elf Wizard)             Turns: 8170, Time: 00:15:25

Health: -7/41      AC:  2    Str:  4    XL:     8   Next: 41%
Magic:  13/22      EV: 13    Int: 26    God:    Vehumet [......]
Gold:   104        SH:  0    Dex: 13    Spells: 13/24 levels left

rFire    . . .     SeeInvis .   i - +0 dagger
rCold    . . .     Gourm    .   (no shield)
rNeg     . . .     Faith    .   a - +0 robe
rPois    .         Spirit   .   b - +0 hat
rElec    .         Reflect  .   (no cloak)
rCorr    .         Harm     .   (no gloves)
MR       .....                  (no boots)
Stlth    ++........             (no amulet)
HPRegen  0.13/turn              (no ring)
MPRegen  0.18/turn              (no ring)

@: no status effects
A: no striking features
a: Renounce Religion


You were on level 7 of the Dungeon.
You worshipped Vehumet.
Vehumet was noncommittal.
You were hungry.

You visited 2 branches of the dungeon, and saw 8 of its levels.

You collected 200 gold pieces.
You spent 96 gold pieces at shops.

Inventory:

Hand Weapons
 i - a +0 dagger (weapon)
Armour
 a - a +0 robe (worn)
 b - a +0 hat (worn)
 t - a +0 pair of gloves
Jewellery
 r - an uncursed ring of stealth {unknown}
Wands
 s - a wand of disintegration (14)
Scrolls
 c - 3 scrolls of enchant weapon {unknown}
 e - 2 scrolls of immolation {unknown}
 f - 7 scrolls of teleportation {unknown}
 g - 6 scrolls of identify {unknown}
 h - 7 scrolls of remove curse
 m - 3 scrolls of amnesia {unknown}
 n - a scroll of fog {unknown}
 p - a scroll of noise {unknown}
Potions
 j - 3 potions of heal wounds
 k - 2 potions of degeneration {unknown}
 l - 2 potions of agility {unknown}
 o - a potion of haste {unknown}
 q - a potion of brilliance {unknown}
 u - a potion of curing {unknown}
Comestibles
 d - 13 rations


   Skills:
 - Level 3.4 Dodging
 - Level 2.4 Stealth
 + Level 8.6 Spellcasting
 + Level 6.1 Conjurations
 - Level 1.1 Summonings
 - Level 2.1 Translocations
 + Level 5.5 Fire Magic
 - Level 2.0 Air Magic
 - Level 2.0 Poison Magic


You had 13 spell levels left.
You knew the following spells:

 Your Spells              Type           Power        Failure   Level  Hunger
a - Magic Dart            Conj           ####         1%          1    None
b - Blink                 Tloc           N/A          3%          2    None
c - Conjure Flame         Conj/Fire      #####...     1%          3    None
d - Mephitic Cloud        Conj/Pois/Air  ####....     4%          3    None
e - Call Imp              Summ           ###.....     4%          2    None

Your spell library contained the following spells:

 Spells                   Type           Power        Failure   Level  Hunger
 Slow                     Hex            ##......     9%          2    None


Dungeon Overview and Level Annotations

Branches:
Dungeon (7/15)             Temple (1/1) D:4

Altars:
Ashenzari
Cheibriados
Dithmenos
Elyvilon
Fedhas
Kikubaaqudgha
Makhleb
Nemelex Xobeh
Okawaru
Qazlal
Ru
Sif Muna
Trog
Uskayaw
Vehumet
Wu Jian
Xom
Yredelemnul
Zin
The Shining One

Shops:
D:4 *[[   D:5 }

Annotations:
D:4 1 runed translucent door, p0werm0de's ghost, amateur OpAr
D:6 3 runed translucent doors, exclusion: electric eel, hitsuchi's ghost, novice DDEE


Message History

Okay, then.
Casting: Conjure Flame (safe; 1% risk of failure)
Confirm with . or Enter, or press ? or * to list all spells.
You blink.
Casting: Blink (safe; 3% risk of failure)
Confirm with . or Enter, or press ? or * to list all spells.
Aiming: Mephitic Cloud (safe; 4% risk of failure)
Press: ? - help, Shift-Dir - straight line, p - spriggan baker The ball explodes into a vile cloud!
The stinking cloud engulfs the spriggan baker but does no damage.
The spriggan baker is severely wounded.
The stinking cloud engulfs the orc warrior but does no damage.
The spriggan baker is engulfed in noxious fumes.
The spriggan baker appears confused.
The orc warrior is engulfed in noxious fumes.
The orc warrior appears confused.
The spriggan baker is engulfed in noxious fumes.
The spriggan baker appears confused.
The spriggan baker hits you with a +0 dagger!
You die...

#......#### #..[.### #..[.#
##....### ..# #.......## #..#
##..§.....#
#..#####.........##
#...#...#☼§☼.....#
#......@io☼.....## ....
#.......☼☼§......## ...#
##......(.........## ...
##.................## ..#
##.......)...........# ..##
##....................#
...#####.....................#
..........##................##
.........##...............<..#


You could see an orc warrior (confused) and a spriggan baker (confused).

Vanquished Creatures
  Prince Ribbit (D:7)
  Sigmund (D:2)
  A phantom (D:6)
  An ice beast (D:7)
  A necrophage (D:7)
  2 ogres
  A bullfrog (D:7)
  A scorpion (D:7)
  2 crimson imps
  3 hounds
  A centaur skeleton (D:6)
  An orc priest (D:6)
  An iguana (D:6)
  3 worker ants
  A gnoll (D:1)
  11 adders
  2 shadow imps
  2 oozes (D:2)
  An adder skeleton (D:4)
  An adder zombie (D:7)
  3 worms
  A dart slug (D:1)
  A leopard gecko (D:3)
  9 orcs
  3 giant cockroaches
  10 goblins
  10 hobgoblins
  3 jackals (D:4)
  8 bats
  3 frilled lizards
  7 kobolds
  7 rats
103 creatures vanquished.

Notes
Turn   | Place    | Note
-------+----------+-------------------------------------------
     0 | D:1      | pk666 the Deep Elf Wizard began the quest for the Orb.
     0 | D:1      | Reached XP level 1. HP: 10/10 MP: 7/7
    61 | D:1      | Reached XP level 2. HP: 15/15 MP: 3/9
   669 | D:1      | Learned a level 2 spell: Blink
   802 | D:2      | Reached XP level 3. HP: 19/19 MP: 4/11
   805 | D:2      | Reached skill level 5 in Spellcasting
  1101 | D:2      | Learned a level 3 spell: Conjure Flame
  1105 | D:2      | Learned a level 3 spell: Mephitic Cloud
  1108 | D:2      | Learned a level 2 spell: Call Imp
  1232 | D:2      | Reached XP level 4. HP: 24/24 MP: 7/13
  1276 | D:2      | Noticed Sigmund
  1334 | D:2      | Killed Sigmund
  1334 | D:2      | Reached skill level 1 in Fire Magic
  1334 | D:2      | Reached skill level 1 in Air Magic
  1334 | D:2      | Reached skill level 1 in Poison Magic
  1334 | D:2      | Reached XP level 5. HP: 6/28 MP: 0/15
  2605 | D:3      | Reached XP level 6. HP: 32/32 MP: 11/16
  2796 | D:4      | Noticed p0werm0de's ghost (amateur OpAr)
  2797 | D:4      | Found a runed translucent door.
  2992 | D:4      | Reached skill level 6 in Spellcasting
  3124 | D:4      | Found a shattered altar of Ashenzari.
  3223 | D:4      | Found Zafayghae's Antique Armour Shop.
  3243 | D:4      | Found Lusuut's Antique Armour Shop.
  3315 | D:4      | Found Kuzadd's General Store.
  3322 | D:4      | Bought a scroll of remove curse for 36 gold pieces
  3322 | D:4      | Bought a potion of heal wounds for 60 gold pieces
  3471 | D:4      | Found a staircase to the Ecumenical Temple.
  3480 | Temple   | Entered the Ecumenical Temple
  3551 | Temple   | Became a worshipper of Vehumet
  3755 | D:5      | Entered Level 5 of the Dungeon
  3974 | D:5      | Found a hide-covered altar of Uskayaw.
  4202 | D:5      | Found Sive Xups's Gadget Emporium.
  5222 | D:6      | Reached XP level 7. HP: 26/36 MP: 4/19
  5714 | D:6      | Reached skill level 7 in Spellcasting
  5922 | D:6      | Found a runed translucent gate.
  5922 | D:6      | Found a runed translucent gate.
  5923 | D:6      | Found a runed translucent gate.
  5923 | D:6      | Noticed hitsuchi's ghost (novice DDEE)
  6126 | D:6      | Found a deep blue altar of Sif Muna.
  6904 | D:7      | Found a burning altar of Makhleb.
  6909 | D:7      | Reached skill level 5 in Conjurations
  7303 | D:7      | Found a deep blue altar of Sif Muna.
  7325 | D:7      | Noticed Prince Ribbit
  7340 | D:7      | Killed Prince Ribbit
  7340 | D:7      | Reached skill level 8 in Spellcasting
  7340 | D:7      | Reached XP level 8. HP: 18/41 MP: 8/22
  7353 | D:7      | Reached skill level 5 in Fire Magic
  8170 | D:7      | Mangled by a spriggan baker

Levels and vault maps discovered:
D:1:      dpeg_arrival_water_temple_mockup, layout_basic
D:2:      layout_rooms, first_ration, uniq_sigmund
D:3:      layout_loops_ring
D:4:      layout_basic, temple_hall, serial_shops, kennysheep_little_box, shop,
          kennysheep_mini_moat, hellmonk_ghost_happy_afterlife,
          nicolae_ashenzari_panopticon
D:5:      layout_layer_cave, serial_shops, shop, basic_altar,
          grunt_decor_clamped
D:6:      layout_loops_corners, led_sif_pool, ebering_ghost_rock_garden,
          serial_bayou_lagoon_b
D:7:      layout_layer_cave, makhleb_grotto_becter, lemuel_doored_altar,
          the_bakery, lemuel_tele_altar, uniq_prince_ribbit1
Temple:   dpeg_five_rooms_temple

Skill      XL: |  1  2  3  4  5  6  7  8 |
---------------+-------------------------+-----
Dodging        | 3 |  3.4
Conjurations   | 2 3 4 5 6 |  6.1
Spellcasting   | 5 6 8 |  8.6
Fire Magic     | 1 2 3 4 5 |  5.5
Air Magic      | 1 2 |  2.0
Poison Magic   | 1 2 |  2.0
Translocations | 2 |  2.1
Stealth        | |  2.4
Summonings     | |  1.1

Action                   |  1- 3 |  4- 6 |  7- 9 || total
-------------------------+-------+-------+-------++-------
Melee: Dagger            |       |     6 |     6 ||    12
 Cast: Magic Dart        |    80 |   145 |   143 ||   368
       Call Imp          |       |     2 |     7 ||     9
       Conjure Flame     |       |     6 |     4 ||    10
       Mephitic Cloud    |       |     4 |    13 ||    17
       Blink             |       |       |     2 ||     2
 Stab: Confused          |       |       |     1 ||     1
  Eat: Chunk             |     1 |     9 |     4 ||    14
       Ration            |       |     1 |     1 ||     2
Armor: Robe              |       |     1 |     2 ||     3
Dodge: Dodged            |     7 |     9 |    18 ||    34

Table legend:
 A = Non-vault XP
 B = Vault XP
 C = Vault XP percentage of total XP
 D = Non-vault monster count
 E = Vault monster count
 F = Vault count percentage of total count
                 A         B        C        D         E       F
            +---------+---------+-------+---------+---------+-------
      Total |    1521 |     469 |  23.6 |     100 |       3 |   2.9
            +---------+---------+-------+---------+---------+-------
        D:1 |      34 |       0 |   0.0 |      13 |       0 |   0.0
        D:2 |     113 |     144 |  56.0 |      29 |       1 |   3.3
        D:3 |      92 |       0 |   0.0 |      20 |       0 |   0.0
        D:4 |      46 |       0 |   0.0 |       7 |       0 |   0.0
        D:5 |     257 |       0 |   0.0 |       5 |       0 |   0.0
        D:6 |     514 |       0 |   0.0 |      13 |       0 |   0.0
        D:7 |     465 |     325 |  41.1 |      13 |       2 |  13.3
            +---------+---------+-------+---------+---------+-------
